 Dungeon Crawl Stone Soup version 0.26.1-11-gd32895ea62 (webtiles) character file.

Game seed: 15036827881575222583

8043 pascalblue the Destroyer (level 11, -1/54 HPs)
             Began as a Deep Elf Conjurer on June 7, 2021.
             Was an Elder of Sif Muna.
             Slain by a boulder beetle (5 damage)
             ... on level 10 of the Dungeon.
             The game lasted 00:47:05 (12875 turns).

pascalblue the Destroyer (Deep Elf Conjurer)       Turns: 12875, Time: 00:47:06

Health: -1/54      AC:  5    Str:  4    XL:     11   Next: 4%
Magic:  14/27      EV: 13    Int: 27    God:    Sif Muna [****..]
Gold:   367        SH:  0    Dex: 13    Spells: 16/30 levels left

rFire    . . .     SeeInvis .   u - +3 spear (venom)
rCold    . . .     Faith    .   (no shield)
rNeg     . . .     Spirit   .   a - +0 robe
rPois    .         Reflect  .   n - +1 helmet
rElec    .         Harm     .   w - +0 cloak
rCorr    .         Rampage  .   (no gloves)
Will     +....                  (no boots)
Stlth    ++........             (no amulet)
HPRegen  0.18/turn              g - ring of attention (curse)
MPRegen  0.20/turn              t - ring of stealth

@: no status effects
A: no striking features
a: Renounce Religion, Channel Magic, Forget Spell, Divine Exegesis


You were on level 10 of the Dungeon.
You worshipped Sif Muna.
Sif Muna was greatly pleased with you.
You visited 1 branch of the dungeon, and saw 10 of its levels.

You collected 477 gold pieces.
You spent 110 gold pieces at shops.

Inventory:

Hand Weapons
 c - a +2 short sword of draining
 e - a +0 club
 r - a +0 dagger of protection
 s - a +1 spectral lajatang
 u - a +3 spear of venom (weapon)
Armour
 a - a +0 robe (worn)
 n - a +1 helmet (worn)
 w - a +0 cloak (worn)
Jewellery
 g - a cursed ring of attention (left hand)
 t - a ring of stealth (right hand)
Wands
 m - a wand of iceblast (12)
 v - a wand of flame (20)
Scrolls
 b - 2 scrolls of fog
 f - 3 scrolls of amnesia
 h - 7 scrolls of teleportation
 i - 6 scrolls of remove curse
 p - 3 scrolls of fear
 y - a scroll of magic mapping
 z - 4 scrolls of identify
Potions
 d - 7 potions of curing
 j - 2 potions of might
 k - 3 potions of heal wounds
 l - 3 potions of resistance
 o - a potion of invisibility
 q - 2 potions of lignification
 x - a potion of brilliance {unknown}
 A - a potion of cancellation {unknown}
 B - a potion of degeneration {unknown}
 C - a potion of berserk rage {unknown}


   Skills:
 - Level 2.4 Dodging
 - Level 2.5 Stealth
 + Level 10.3 Spellcasting
 * Level 12.3 Conjurations
 * Level 8.0 Hexes
 * Level 6.7 Translocations
 - Level 6.0 Invocations
 + Level 3.1 Evocations


You had 16 spell levels left.
You knew the following spells:

 Your Spells              Type           Power        Failure   Level
a - Magic Dart            Conj           100%         1%          1
b - Searing Ray           Conj           100%         1%          2
c - Fulminant Prism       Conj/Hex       31%          1%          4
d - Iskenderun's Mystic   Conj/Tloc      60%          1%          4
e - Tukima's Dance        Hex            55%          1%          3

Your spell library contained the following spells:

 Spells                   Type           Power        Failure   Level
 Corona                   Hex            61%          1%          1
 Ensorcelled Hibernation  Hex/Ice        70%          1%          2
 Confusing Touch          Hex            55%          1%          3
 Dazzling Flash           Conj/Hex       100%         1%          3


Dungeon Overview and Level Annotations

Branches:
Dungeon (10/15)            Temple (0/1) D:5            Lair (0/6) D:10
    Orc: D:9-12

Altars:
Ashenzari
Elyvilon
Hepliaklqana
Kikubaaqudgha
Sif Muna
Trog
Wu Jian
Yredelemnul

Shops:
D:4 *![[=   D:6 =[(:[

Annotations:
D:9 3 runed translucent doors


Message History

Confirm with . or Enter, or press ? or * to list all spells.
Aiming: Searing Ray (safe; 1% risk of failure)
Press: ? - help, Shift-Dir - straight line, f/p - boulder beetle
Aim: a boulder beetle (heavily wounded, 0% to evade)
The searing ray hits the boulder beetle but does no damage.
The boulder beetle is heavily wounded. (Press . to maintain the ray.)
The boulder beetle barely misses you.
The searing ray hits the boulder beetle but does no damage.
The boulder beetle is heavily wounded.
The boulder beetle bites you.
The searing ray hits the boulder beetle.
The boulder beetle is heavily wounded.
The boulder beetle bites you!!
Ouch! That really hurt!
* * * LOW HITPOINT WARNING * * *
The searing ray hits the boulder beetle.
The boulder beetle is heavily wounded.
You finish channeling your searing ray.
The boulder beetle bites you.
You die...

#.#.#.#.#.#
#.#...#.#.#
#.###...#.#
....#.#
##..#.#
####.#.# ##
#......#
.#...#.###..#
.'..)'.B@...#
.#...#.#....#
#. #.####..#
#. ...# ##
####


You could see a boulder beetle.

Vanquished Creatures
  2 two-headed ogres (D:8)
  Pikel (D:6)
  Psyche (D:8)
  Prince Ribbit (D:7)
  Sigmund (D:2)
  6 yaks (D:10)
  Menkaure (D:7)
  An orc warrior (D:8)
  2 phantoms
  A sky beast (D:6)
  2 necrophages
  6 centaurs
  7 ogres
  4 lemures (D:6)
  A big kobold (D:10)
  2 elf zombies (D:4)
  6 bullfrogs
  2 elf skeletons (D:4)
  A gnoll sergeant (D:6)
  2 water moccasin skeletons
  A scorpion (D:6)
  3 killer bees (D:9)
  6 electric eels (D:8)
  5 howler monkeys
  2 orc priests
  A quasit (D:7)
  2 bullfrog zombies
  2 jellies
  2 centaur skeletons
  A human zombie (D:4)
  Crazy Yiuf (D:6)
  5 hounds
  A bullfrog skeleton (D:10)
  2 human skeletons (D:4)
  An iguana (D:8)
  5 worker ants
  9 orc wizards
  A hound skeleton (D:8)
  A worker ant zombie (D:9)
  A howler monkey zombie (D:7)
  8 gnolls
  13 adders
  A white imp (D:9)
  An ufetubus (D:8)
  2 adder zombies
  3 worms (D:4)
  7 leopard geckos
  38 orcs
  11 giant cockroaches
  8 goblins
  6 hobgoblins
  13 jackals
  11 kobolds
  4 quokkas
  4 ball pythons
  10 bats
  2 frilled lizards
  A jackal zombie (D:9)
  2 orc skeletons (D:4)
  2 orc zombies (D:4)
  10 rats
259 creatures vanquished.

Vanquished Creatures (others)
  A bush (D:10)
  7 fulminant prisms
  7 plants (D:8)
15 creatures vanquished.

Grand Total: 274 creatures vanquished

Notes
Turn   | Place    | Note
-------+----------+-------------------------------------------
     0 | D:1      | pascalblue the Deep Elf Conjurer began the quest for the
                  | Orb.
     0 | D:1      | Reached XP level 1. HP: 10/10 MP: 6/6
   248 | D:1      | Reached XP level 2. HP: 5/15 MP: 0/8
   783 | D:1      | Reached skill level 5 in Conjurations
  1255 | D:2      | Found a white marble altar of Elyvilon.
  1326 | D:2      | Reached XP level 3. HP: 19/19 MP: 7/10
  1329 | D:2      | Learned a level 2 spell: Searing Ray
  2207 | D:2      | Noticed Sigmund
  2213 | D:2      | Killed Sigmund
  2214 | D:2      | Reached skill level 5 in Spellcasting
  2214 | D:2      | Reached skill level 6 in Conjurations
  2214 | D:2      | Reached XP level 4. HP: 5/24 MP: 2/13
  2214 | D:2      | Reached XP level 5. HP: 6/28 MP: 2/14
  2931 | D:3      | Found a shimmering blue altar of Sif Muna.
  2931 | D:3      | Found a broken altar of Ashenzari.
  2931 | D:3      | Found an ornate altar of the Wu Jian Council.
  2931 | D:3      | Found a hazy altar of Hepliaklqana.
  2936 | D:3      | Became a worshipper of Sif Muna the Loreminder
  3334 | D:3      | Reached skill level 7 in Conjurations
  3334 | D:3      | Reached XP level 6. HP: 32/32 MP: 9/16
  3393 | D:3      | Reached * piety under Sif Muna
  4154 | D:4      | Found Dimofe's Distillery.
  4160 | D:4      | Bought a potion of heal wounds for 50 gold pieces
  4160 | D:4      | Bought a potion of curing for 30 gold pieces
  4160 | D:4      | Bought a potion of curing for 30 gold pieces
  4560 | D:4      | Found Baizugge's Assorted Antiques.
  4562 | D:4      | Found Hauschij's Antique Armour Shop.
  4571 | D:4      | Reached skill level 8 in Conjurations
  4574 | D:4      | Found Biwekaox's Armour Emporium.
  4578 | D:4      | Reached XP level 7. HP: 31/36 MP: 7/18
  4769 | D:4      | Found Syhaidd's Jewellery Boutique.
  4809 | D:4      | Noticed a moth of wrath
  4811 | D:4      | Found a bloodstained altar of Trog.
  5039 | D:4      | Reached ** piety under Sif Muna
  5040 | D:4      | Reached skill level 1 in Invocations
  5465 | D:4      | Reached skill level 9 in Conjurations
  5784 | D:4      | Found an ancient bone altar of Kikubaaqudgha.
  5849 | D:5      | Entered Level 5 of the Dungeon
  6127 | D:5      | Found a staircase to the Ecumenical Temple.
  6178 | D:5      | Reached XP level 8. HP: 28/41 MP: 12/20
  7091 | D:6      | Noticed Pikel
  7111 | D:6      | Killed Pikel
  7112 | D:6      | Reached skill level 10 in Conjurations
  7233 | D:6      | Found Dulluul's Antique Armour Shoppe.
  7280 | D:6      | Reached XP level 9. HP: 39/45 MP: 17/23
  7285 | D:6      | Learned a level 4 spell: Fulminant Prism
  7290 | D:6      | Learned a level 4 spell: Iskenderun's Mystic Blast
  7337 | D:6      | Found Cots's Jewellery Shop.
  7488 | D:6      | Found a glowing drain.
  7520 | D:6      | Reached skill level 1 in Hexes
  7524 | D:6      | Reached *** piety under Sif Muna
  7525 | D:6      | Reached skill level 1 in Translocations
  7687 | D:6      | Found a runed translucent door.
  7688 | D:6      | Found the +8 whip "Snakebite" {curare, rPois}
  7688 | D:6      | Noticed Crazy Yiuf
  7693 | D:6      | Killed Crazy Yiuf
  7748 | D:6      | Found Tudwac's Book Shoppe.
  7932 | D:6      | Found Dialese's Antique Armour Boutique.
  8073 | D:6      | Found Guliukk's Weapon Emporium.
  8236 | D:7      | Reached skill level 5 in Invocations
  8245 | D:7      | Noticed Menkaure
  8251 | D:7      | Killed Menkaure
  8252 | D:7      | Reached skill level 11 in Conjurations
  8580 | D:7      | Found a basalt altar of Yredelemnul.
  8722 | D:7      | Noticed Prince Ribbit
  8733 | D:7      | Killed Prince Ribbit
  9447 | D:8      | Reached skill level 5 in Hexes
  9448 | D:8      | Noticed Psyche
  9540 | D:8      | Killed Psyche
  9541 | D:8      | Reached XP level 10. HP: 42/50 MP: 16/25
 10029 | D:8      | Noticed a two-headed ogre
 10040 | D:8      | Killed a two-headed ogre
 10041 | D:8      | Reached skill level 5 in Translocations
 10041 | D:8      | Reached skill level 1 in Evocations
 10343 | D:8      | Noticed a two-headed ogre
 10353 | D:8      | Killed a two-headed ogre
 10353 | D:8      | Reached **** piety under Sif Muna
 10447 | D:8      | Reached skill level 10 in Spellcasting
 10770 | D:8      | Learned a level 3 spell: Tukima's Dance
 10957 | D:8      | Reached skill level 12 in Conjurations
 12278 | D:9      | Found a runed translucent gate.
 12278 | D:9      | Found a runed translucent gate.
 12278 | D:9      | Found a runed translucent gate.
 12281 | D:9      | Noticed a red ugly thing
 12282 | D:9      | Noticed a cyan ugly thing
 12283 | D:9      | Noticed a brown ugly thing
 12364 | D:10     | Entered Level 10 of the Dungeon
 12440 | D:10     | Found a staircase to the Lair.
 12457 | D:10     | Reached XP level 11. HP: 54/54 MP: 14/27
 12858 | D:10     | Noticed a boulder beetle
 12875 | D:10     | Slain by a boulder beetle

Illustrated notes

Levels and vault maps discovered:
D:1:      wander_arrival_chamber, layout_basic, minmay_misc_feat_ornament
D:2:      layout_loops_ring, lemuel_round_altar,
          amcnicky_mini_rare_corridor_liquid, kennysheep_small_spiral,
          uniq_sigmund
D:3:      layout_basic, grunt_temple_overflow_cloverleaf
D:4:      layout_basic, kiku_gazebo_pond_becter, tgw_trog, serial_shops, shop,
          kennysheep_mini, shop, shop_statue, shop,
          nicolae_ossuary_entry_catacombs, hangedman_abyss_or_decor_passed,
          kennysheep_generic_room_15
D:5:      layout_basic, minmay_temple_entry_statues_fountains
D:6:      layout_loops_corners, gup_sewer_entry_pipe, serial_shops,
          shop_fountains, nicolae_shop_stone, shop_fountains,
          nicolae_shop_crystal, shop_statue, minmay_misc_feat_diagonals,
          lightli_corner_chamber, uniq_crazy_yiuf_cottage, uniq_pikel
D:7:      layout_basic, kennysheep_mini_moat, uniq_prince_ribbit1, uniq_menkaure
D:8:      cheibrodos_two_vegetables, layout_basic, uniq_psyche
D:9:      layout_big_octagon, ploomutoo_gammafunk_ghost_potion_laboratory
D:10:     minmay_klotski, layout_basic, lair_entry_dummy, serial_park_tiny_1

Skill      XL: |  1  2  3  4  5  6  7  8  9 10 11 |
---------------+----------------------------------+-----
Conjurations   | 5 6 7 8 9 10 11 12 | 12.3
Spellcasting   | 5 6 7 8 9 10 | 10.3
Invocations    | 2 4 5 6 |  6.0
Hexes          | 5 7 8 |  8.0
Translocations | 4 6 |  6.7
Evocations     | 3 |  3.1
Dodging        | |  2.4
Stealth        | |  2.5

Action                   |  1- 3 |  4- 6 |  7- 9 | 10-12 || total
-------------------------+-------+-------+-------+-------++-------
Melee: Club              |    15 |       |       |       ||    15
       Short sword       |       |     2 |     6 |       ||     8
       Lajatang          |       |       |    30 |       ||    30
       Spear             |       |       |     3 |     1 ||     4
 Cast: Magic Dart        |    68 |    87 |   103 |    67 ||   325
       Searing Ray       |     2 |     7 |    69 |    30 ||   108
       Fulminant Prism   |       |       |       |     7 ||     7
  Use: Potion            |     1 |       |     3 |     2 ||     6
       Scroll            |    10 |     4 |     1 |     1 ||    16
Armor: Robe              |     8 |     4 |    23 |    26 ||    61
Dodge: Dodged            |    33 |    12 |    88 |    75 ||   208
